 Dungeon Crawl Stone Soup version 0.18-a0-917-g8a3da5b (webtiles) character file.

348 sugabear the Cudgeler (level 6, 0/32 HPs)
             Began as a Vine Stalker Gladiator on Dec 26, 2015.
             Slain by Eustachio
             ... wielding a +2 falchion of holy wrath
              (5 damage)
             ... on level 4 of the Dungeon.
             The game lasted 00:04:08 (2559 turns).

sugabear the Cudgeler (Vine Stalker Gladiator)      Turns: 2559, Time: 00:04:09

Health: 0/32       AC:  4    Str: 18    XL:     6   Next: 60%
Magic:  0/7        EV: 13    Int:  8    God:
Gold:   83         SH:  0    Dex: 16    Spells: 0 memorised, 5 levels left

rFire  . . .     SeeInvis .     a - +0 flail
rCold  . . .     Gourm    .     b - +0 leather armour
rNeg   . . .     Faith    .     (no shield)
rPois  .         Spirit   +     c - +0 helmet
rElec  .         Dismiss  .     (no cloak)
rCorr  .         Reflect  .     (no gloves)
SustAt .         Harm     .     (no boots)
MR     .....                    (no amulet)
Stlth  ++........               (no ring)
                                (no ring)

@: not resistant to hostile enchantments, unstealthy
A: fangs 2, regeneration 2, magic shield, antimagic bite, no device heal 3, rot
immunity
a: no special abilities


You were on level 4 of the Dungeon.
You were not hungry.

You visited 1 branch of the dungeon, and saw 4 of its levels.

You collected 83 gold pieces.

Inventory:

Hand Weapons
 a - a +0 flail (weapon)
Missiles
 d - 3 throwing nets (quivered)
Armour
 b - a +0 leather armour (worn)
 c - a +0 helmet (worn)
Jewellery
 p - an uncursed ring of flight {unknown}
 s - an uncursed ring of positive energy {unknown}
Wands
 x - a wand of cold (10/15)
Scrolls
 e - 2 scrolls of blinking {unknown}
 j - 2 scrolls of magic mapping {unknown}
 l - a scroll of teleportation {unknown}
 m - a scroll of fog {unknown}
 o - 10 scrolls of identify {unknown}
 u - a scroll of remove curse {unknown}
 y - 2 scrolls of enchant armour {unknown}
 z - a scroll of recharging {unknown}
 A - a scroll of random uselessness {unknown}
Potions
 g - 2 potions of curing {unknown}
 h - a potion of resistance {unknown}
 i - a potion of might {unknown}
 n - 2 potions of degeneration {unknown}
 t - a potion of flight {unknown}
 w - a potion of agility
Comestibles
 f - 2 bread rations
 k - a royal jelly
 q - 12 fruits
 r - 3 beef jerkies
 v - 6 chunks of flesh


   Skills:
 + Level 2.5 Fighting
 + Level 4.1 Maces & Flails
 + Level 2.1 Throwing
 + Level 2.5 Armour
 + Level 3.6 Dodging
 + Level 1.1 Stealth


You had 5 spell levels left.
You didn't know any spells.

Dungeon Overview and Level Annotations

Branches:
Dungeon (4/15)
 Temple: D:4-7

Altars:
Ashenzari
Cheibriados
Ru
Trog

Annotations:
D:4 Eustachio


Innate Abilities, Weirdness & Mutations

You have extremely sharp teeth.
You heal very quickly.
When hurt, damage is shared between your health and your magic reserves.
Your bite disrupts and absorbs the magic of your enemies.
Potions and wands cannot restore your health.
You are immune to rotting.


Message History

Eustachio is heavily wounded.
Eustachio closely misses you. The iron imp barely misses you.
The crimson imp blinks!
You barely miss Eustachio.
Eustachio is heavily wounded.
Eustachio hits you with a falchion of holy wrath.
The iron imp hits you!
The crimson imp blinks!
Eustachio closely misses you.
You barely miss Eustachio.
Eustachio is heavily wounded.
The rat bites you. The iron imp closely misses you.
Eustachio hits you with a falchion of holy wrath.
The rat misses you.
You closely miss Eustachio. Your bite misses Eustachio.
Eustachio is heavily wounded.
The iron imp hits you!
* * * LOW HITPOINT WARNING * * *
The rat twitches its whiskers.
The rat bites you but does no damage.
Eustachio hits you with a falchion of holy wrath.
You die...

........####
.♣..........####.#
.[............. ..
.♣...........# .#
.............###.#
♣.#..........5#...#
..............5rr#######
#.###..#.#.##.#@r5.....#
..#....#.#.##.##@###
..#....#.#.##....#####.
.....#.#.#.####.........
.......#.#.# #.########
.<...#.#.#.# #.#
.....#.#.#.# #.#
.........# #.#
##.......# #.#
.........# #.#


You could see Eustachio, an iron imp, 2 crimson imps and 3 rats.

Vanquished Creatures
  A phantom (D:4)
  A centaur skeleton (D:4)
  Natasha (thrice) (D:3)
  Ijyb (D:2)
  A worker ant (D:4)
  6 adders
  A shadow imp (D:3)
  An adder zombie (D:3)
  An ooze (D:1)
  An adder skeleton (D:4)
  3 worms
  2 giant geckos
  6 orcs
  A ball python (D:4)
  4 giant cockroaches
  4 goblins
  4 hobgoblins
  8 jackals
  3 kobolds
  8 bats
  A giant gecko skeleton (D:4)
  A giant newt (D:2)
  6 rats
68 creatures vanquished.

Notes
Turn   | Place    | Note
--------------------------------------------------------------
     0 | D:1      | sugabear the Vine Stalker Gladiator began the quest for the Orb.
     0 | D:1      | Reached XP level 1. HP: 11/11 MP: 2/2
   222 | D:1      | Reached skill level 3 in Maces & Flails
   222 | D:1      | Reached XP level 2. HP: 13/15 MP: 3/3
   720 | D:2      | Noticed Ijyb
   729 | D:2      | Killed Ijyb
   729 | D:2      | Reached XP level 3. HP: 16/18 MP: 2/4
   745 | D:2      | Found a snail-covered altar of Cheibriados.
   882 | D:2      | Reached XP level 4. HP: 23/23 MP: 5/5
  1025 | D:2      | Found a bloodstained altar of Trog.
  1026 | D:2      | Found a shattered altar of Ashenzari.
  1359 | D:3      | Found a sacrificial altar of Ru.
  1406 | D:3      | Reached skill level 1 in Stealth
  1526 | D:3      | Noticed Natasha
  1533 | D:3      | Killed Natasha
  1533 | D:3      | Reached skill level 1 in Armour
  1533 | D:3      | Reached XP level 5. HP: 25/27 MP: 6/6
  1901 | D:3      | Noticed Natasha
  1905 | D:3      | Killed Natasha
  1941 | D:3      | Noticed Natasha
  1950 | D:3      | Killed Natasha
  2174 | D:4      | Noticed a phantom
  2193 | D:4      | Killed a phantom
  2193 | D:4      | Reached skill level 4 in Maces & Flails
  2193 | D:4      | Gained mutation: You heal very quickly. [Vine Stalker growth]
  2193 | D:4      | Reached XP level 6. HP: 10/32 MP: 4/7
  2540 | D:4      | Noticed Eustachio
  2559 | D:4      | Slain by Eustachio

Vault maps used:
D:1:      nicolae_arrival_washed_ashore, kennysheep_boxes
D:2:      old_standard_altar, gammafunk_temple_overflow_pools, first_bread,
          guppyfry_early_lair_pool, uniq_iyjb
D:3:      overflow_temple_1_default, serial_forest, infiniplex_forest_clump_C,
          infiniplex_forest_clump_curved, infiniplex_forest_clump_double,
          infiniplex_forest_clump_tiny, infiniplex_forest_3_way,
          infiniplex_forest_diagonal, uniq_natasha
D:4:      okawaru_trees_1, uniq_eustachio

Action                   |  1- 3 |  4- 6 || total
-------------------------+-------+-------++-------
Melee: Flail             |    56 |   159 ||   215
 Stab: Distracted        |     1 |       ||     1
       Sleeping          |       |     1 ||     1
  Eat: Chunk             |       |     6 ||     6
